Map: Lerilak Crest

Players

Solipsis

  • Race: Terran Terran
  • League: Silver

Stilg - Winner!

  • Race: Zerg Zerg

VOD

Have the link to the VOD?

Description

Time

  • Played on: Dec. 6, 2015, 3 a.m.
  • Length: 10:15
Show
View Real Time Build Order
Export as new Build Order

Solipsis Terran 

Build Orders: MMM Bio 

Get SALT Encoding   

  12  0:01  SCV  
  13  0:13  SCV  
  14  0:19  Supply Depot  
  14  0:25  SCV  
  15  0:40  SCV  
  16  0:42  Barracks  
  16  0:52  Supply Depot, SCV  
  17  1:03  Refinery  
  17  1:04  SCV  
  18  1:14  Refinery  
  18  1:17  SCV  
  19  1:29  SCV  
  20  1:50  Marine  
  21  2:00  Barracks  
  22  2:16  Orbital Command  
  22  2:20  Barracks Reactor  
  21  2:32  Bunker  
  21  2:45  SCV  
  21  2:47  Marine  
  22  3:12  Command Center  
  22  3:14  SCV  
  22  3:16  Bunker  
  22  3:19  Barracks Tech Lab  
  23  3:21  Marine  
  23  3:26  SCV  
  25  3:32  Factory  
  25  3:37  Supply Depot  
  25  3:38  SCV  
  25  3:39  Marine  
  27  3:43  Marine  
  28  3:49  Stimpack  
  28  3:54  SCV  
  29  4:05  Marine x2  
  29  4:06  SCV  
  29  4:07  Marauder  
  34  4:18  Factory Reactor  
  34  4:21  Starport  
  34  4:23  Marine x2  
  36  4:28  Marauder  
  38  4:32  Orbital Command  
  38  4:34  SCV  
  39  4:46  Supply Depot, Marine  
  39  4:47  SCV  
  39  4:48  Marine  
  42  4:55  Widow Mine x2  
  46  5:03  Engineering Bay  
  46  5:06  Starport Reactor  
  46  5:07  Marine  
  46  5:13  Marauder  
  49  5:16  Marine  
  50  5:23  Refinery  
  50  5:25  Refinery  
  50  5:35  Marine x2  
  51  5:36  Marauder  
  51  5:39  Widow Mine  
  51  5:42  SCV x2  
  58  5:53  Marine  
  59  5:57  Marauder  
  57  6:13  Marine x2  
  59  6:18  Marauder  
  61  6:30  Supply Depot  
  61  6:31  Marine  
  61  6:32  Supply Depot  
  62  6:44  Marine  
  62  6:45  Medivac  
  62  6:46  Medivac  
  61  6:48  Marine  
  61  6:52  Hellion x2, Marauder  
  68  7:01  Marine  
  68  7:04  Missile Turret  
  68  7:07  SCV  
  70  7:14  Marauder  
  70  7:15  Medivac  
  70  7:16  Medivac  
  74  7:25  Missile Turret  
  74  7:26  Marine x2  
  76  7:35  Marauder  
  78  7:42  Supply Depot  
  78  7:44  Supply Depot  
  78  7:46  Missile Turret  
  78  8:01  Barracks  
  78  8:03  SCV x2, Marine x2  
  78  8:04  Barracks, Marauder  
  78  8:05  Combat Shields  
  84  8:11  Medivac x2  
  88  8:13  Missile Turret  
  88  8:16  SCV x2  
  86  8:21  Marine  
  86  8:28  Liberator  
  86  8:29  Marine  
  86  8:30  Marauder  
  86  8:39  Marine  
  86  8:47  Marine  
  90  8:51  Marauder  
  90  8:55  Armory  
  92  8:57  Marine  
  93  9:03  SCV  
  94  9:12  Supply Depot  
  94  9:14  Supply Depot  
  94  9:15  Barracks Reactor  
  94  9:18  Barracks Tech Lab  
  94  9:23  Concussive Shells  
  94  9:33  SCV x2, Marine, Widow Mine  
  94  9:34  Marauder  
  94  9:35  Widow Mine  
  103  9:45  SCV  
Show
View Real Time Build Order
Export as new Build Order

Stilg Zerg - Winner!

Build Orders: Hatch First 

Get SALT Encoding   

  12  0:00  Drone  
  13  0:08  Drone  
  14  0:14  Extractor  
  14  0:16  Drone  
  15  0:47  Hatchery  
  14  0:50  Extractor  
  14  0:51  Drone  
  15  0:58  Spawning Pool  
  15  1:01  Extractor  
  15  1:04  Extractor  
  12  1:05  Drone  
  12  1:10  Drone  
  16  1:17  Overlord  
  16  1:37  Drone x2  
  18  1:45  Drone  
  19  1:49  Drone  
  20  1:54  Queen  
  20  1:59  Zergling x2  
  20  2:00  Queen  
  25  2:03  Overlord  
  25  2:10  Drone  
  25  2:11  Drone  
  27  2:20  Drone  
  28  2:29  Drone  
  29  2:34  Drone x2  
  31  2:39  Queen  
  31  2:40  Queen  
  31  2:42  Overlord  
  35  2:46  Overlord  
  35  2:54  Extractor  
  35  2:55  Extractor  
  35  2:56  Drone  
  35  2:57  Drone  
  35  3:08  Drone  
  35  3:09  Drone x4  
  35  3:10  Drone  
  35  3:11  Drone  
  42  3:19  Roach Warren  
  41  3:36  Drone  
  41  3:37  Drone x3, Extractor  
  44  3:42  Lair  
  44  3:44  Evolution Chamber  
  44  3:48  Drone x2  
  45  3:49  Drone  
  45  3:52  Drone  
  45  3:54  Drone  
  45  3:55  Drone x2  
  50  4:00  Overlord  
  50  4:02  Overlord  
  50  4:10  Zerg Missile Weapons Level 1, Overlord  
  50  4:27  Hatchery  
  50  4:28  Drone  
  50  4:34  Roach x4  
  58  4:53  Glial Reconstitution  
  58  4:54  Roach  
  58  4:55  Roach x5  
  58  4:57  Overlord  
  70  5:00  Overlord  
  70  5:13  Roach x3  
  76  5:15  Overlord  
  76  5:21  Ravager x2  
  76  5:23  Ravager  
  76  5:27  Drone  
  76  5:28  Drone  
  81  5:29  Drone  
  81  5:30  Extractor  
  81  5:35  Drone  
  82  6:08  Roach x2  
  82  6:09  Roach x8  
  100  6:17  Zerg Missile Weapons Level 2, Roach  
  91  6:34  Pneumatized Carapace  
  91  6:36  Overseer  
  89  6:47  Roach x2  
  89  6:48  Roach x3  
  89  6:49  Overlord x3  
  99  6:54  Drone  
  99  6:55  Drone x6  
  99  6:57  Overlord x4  
  102  7:16  Roach x2  
  102  7:17  Roach x2  
  108  7:25  Roach  
  108  7:26  Roach x3  
  116  7:31  Drone x5  
  121  7:45  Drone x4  
  121  7:46  Roach x2  
  121  7:47  Overlord  
  129  7:52  Ravager  
  129  7:54  Ravager  
  129  7:56  Ravager  
  129  7:57  Ravager  
  133  8:00  Ravager  
  133  8:04  Drone x3, Extractor  
  133  8:05  Drone  
  137  8:07  Overlord  
  137  8:17  Roach x4  
  137  8:18  Roach x4  
  153  8:32  Hatchery  
  148  8:38  Roach x4  
  148  8:39  Overlord x2, Roach x5  
  148  8:40  Overlord x2  
  166  8:58  Roach x3  
  166  9:00  Ravager x2  
  166  9:01  Ravager  
  175  9:05  Overseer  
  175  9:14  Roach x2  
  175  9:15  Overlord x3, Roach x3  
  187  9:17  Roach  
  187  9:21  Extractor  
  186  9:24  Drone  
  186  9:25  Drone x3  
  190  9:37  Roach x4  
  190  9:38  Roach  
  196  9:54  Roach x4  
Tags
 
Composition
MMM Bio
League
Silver
Matchup
TvZ
Add a new tag
Caveats
  • Supply blocks, unpowered buildings, or Contaminate may cause inaccurate times.
  • Supply counts are checked every 10 seconds.